 Dungeon Crawl Stone Soup version 0.28.0-43-g3370ac3207 (webtiles) character file.

Game seed: 8677595135134483526

44 Acheron the Ducker (level 3, -1/28 HPs)
             Began as a Minotaur Venom Mage on Mar 18, 2022.
             Slain by an adder (5 damage)
             ... on level 2 of the Dungeon.
             The game lasted 00:06:00 (2232 turns).

Acheron the Ducker (Minotaur Venom Mage)            Turns: 2232, Time: 00:06:01

Health: -1/28      AC:  2    Str: 12    XL:     3   Next: 41%
Magic:  4/4        EV: 12    Int: 12    God:
Gold:   67         SH:  0    Dex: 12    Spells: 4/5 levels left

rFire   . . .      SeeInvis .   b - +0 falchion
rCold   . . .      Faith    .   (no shield)
rNeg    . . .      Spirit   .   a - +0 robe
rPois   .          Reflect  .   (helmet restricted)
rElec   .          Harm     .   (no cloak)
rCorr   .          Rampage  .   (no gloves)
Will    .....                   (no boots)
Stlth   ++........              (no amulet)
HPRegen 0.09/turn               (no ring)
MPRegen 0.09/turn               (no ring)

@: no status effects
A: horns 2, retaliatory headbutt
a: no special abilities


You were on level 2 of the Dungeon.
You visited 1 branch of the dungeon, and saw 3 of its levels.

You collected 67 gold pieces.

Inventory:

Hand Weapons
 b - a +0 falchion (weapon)
Missiles
 g - 8 poisoned darts (quivered)
Armour
 a - a +0 robe (worn)
Wands
 e - a wand of acid (4)
 h - a wand of paralysis (1)
Scrolls
 d - a scroll of amnesia
 f - a scroll of fog {unknown}
Potions
 c - a potion of attraction {unknown}


   Skills:
 * Level 1.1 Fighting
 + Level 1.2 Long Blades
 * Level 2.6 Dodging
 * Level 1.7 Stealth
 * Level 1.5 Spellcasting
 * Level 1.3 Transmutations
 + Level 2.4 Poison Magic


You had 4 spell levels left.
You knew the following spells:

 Your Spells              Type           Power      Damage    Failure   Level
a - Sting                 Tmut/Pois      20%        1d4       13%         1

Your spell library contained the following spells:

 Spells                   Type           Power      Damage    Failure   Level
 Poisonous Vapours        Pois/Air       6%         N/A       26%         2
 Shock                    Conj/Air       0%         1d3       28%         1
 Mephitic Cloud           Conj/Pois/Air  2%         N/A       52%         3
 Frozen Ramparts          Ice            0%         1d2       65%         3
 Swiftness                Air            0%         N/A       65%         3
 Olgreb's Toxic Radiance  Pois           6%         N/A       71%         4
 Ice Form                 Ice/Tmut       2%         N/A       91%         4
 Airstrike                Air            0%         N/A       96%         4
 Summon Ice Beast         Ice/Summ       0%         N/A       96%         4


Dungeon Overview and Level Annotations

Branches:
Dungeon (3/15)

Altars:


Innate Abilities, Weirdness & Mutations

You have a pair of horns on your head.
You reflexively headbutt those who attack you in melee.


Message History

There is a stone staircase leading down here.
You climb downwards.
The adder hisses angrily.
A giant cockroach comes into view.
There is a stone staircase leading up here.
The adder bites you but does no damage. The adder misses you.
You climb upwards.
There is a stone staircase leading down here.
You barely miss the adder. The adder bites you.
You are poisoned.
The adder poisons you!
You closely miss the adder.
You feel sick. The adder bites you but does no damage. The adder bites you.
You are more poisoned.
The adder poisons you!
You hit the adder but do no damage. Your headbutt misses the adder.
You feel very sick. The adder bites you.
You hit the adder.
The adder is heavily wounded.
You feel sick. The adder bites you. x2
You hit the adder but do no damage.
The adder is heavily wounded.
You feel sick. The adder bites you but does no damage.
The adder completely misses you.
You hit the adder.
The adder is heavily wounded.
You feel sick. The adder barely misses you. You furiously retaliate!
You headbutt the adder. You hit the adder.
The adder is almost dead.
You feel sick. The adder bites you.
* * * LOW HITPOINT WARNING * * *
The adder closely misses you.
You miss the adder.
The adder is almost dead.
You feel sick.
You are no longer poisoned.
The adder bites you.
You die...

###########
#.........#
#####.##.##.#.#
#...#.##.##.#.#
#.#......##.#.#
#..S#.#####.#..
#.@##.#####.###
#<###.......####
#. #####......#
#. #......# #.
#......# #.
#......# #.#
#......# #.#
#....).# #.####
###†####


You could see an adder.

Vanquished Creatures
  A dart slug (D:1)
  3 endoplasms (D:1)
  A giant cockroach (D:1)
  7 goblins
  3 hobgoblins (D:1)
  5 quokkas
  3 ball pythons
  3 bats
  A frilled lizard (D:1)
  6 kobolds
  4 rats
37 creatures vanquished.

Notes
Turn   | Place    | Note
-------+----------+-------------------------------------------
     0 | D:1      | Acheron the Minotaur Venom Mage began the quest for the
                  | Orb.
     0 | D:1      | Reached XP level 1. HP: 14/14 MP: 1/1
   167 | D:1      | Reached skill level 1 in Transmutations
   349 | D:1      | Reached XP level 2. HP: 22/22 MP: 3/3
   628 | D:1      | Noticed a shining eye
   637 | D:1      | Noticed a floating eye
   850 | D:1      | Noticed a floating eye
  1036 | D:1      | Found a faded altar of an unknown god.
  1038 | D:1      | Noticed a shining eye
  1121 | D:1      | Reached skill level 1 in Fighting
  1143 | D:1      | Reached XP level 3. HP: 28/28 MP: 4/4
  1850 | D:2      | Reached skill level 1 in Long Blades
  2232 | D:2      | Slain by an adder

Illustrated notes

Levels and vault maps discovered:
D:1:      heliophobic_arrival_glass_houses, layout_loops_corners,
          hellmonk_ecumenical_altar_watching_god
D:2:      minmay_spotlight, layout_loops_cross, minmay_tetromino_s4
D:3:      layout_loops_ring, mainiacjoe_overflow_big_doors,
          kennysheep_small_spiral, uniq_robin

Skill      XL: |  1  2  3 |
---------------+----------+-----
Transmutations | 1 |  1.3
Fighting       | 1 |  1.1
Long Blades    | 1 |  1.2
Dodging        | |  2.6
Stealth        | |  1.7
Spellcasting   | |  1.5
Poison Magic   | |  2.4

Action                   || total
-------------------------++-------
Melee: Falchion          ||    93
       Headbutt          ||     9
 Cast: Sting             ||     2
  Use: Scroll            ||     2
 Stab: Sleeping          ||     7
Armor: Robe              ||    23
Dodge: Dodged            ||    64
